 Dungeon Crawl Stone Soup version 0.29.1-2-gbd0b4ee654 (webtiles) character file.

Game seed: 14505108706154293382

6836 Mitcholas the Fighter (level 11, -2/84 HPs)
             Began as a Djinni Fire Elementalist on Nov 8, 2022.
             Was a Follower of Ashenzari.
             Slain by a yak (13 damage)
             ... on level 10 of the Dungeon.
             The game lasted 01:23:33 (12324 turns).

Mitcholas the Fighter (Djinni Fire Elementalist)   Turns: 12324, Time: 01:23:34

Health: -2/84      AC:  6    Str:  7    XL:     11   Next: 26%
Gold:   793        EV: 17    Int: 30    God:    Ashenzari [*.....] SH:  0 Dex: 22

rFire   + + .      SeeInvis .   k - +9 dagger of the Lashed Sky {pain, rCorr MP+9 Int+2 Dex+3, Melee, Cun} (curse)
rCold   x . .      Faith    .   (no shield)
rNeg    . . .      Spirit   .   o - +1 leather armour
rPois   ∞          Reflect  .   (no helmet)
rElec   .          Harm     .   x - +0 cloak "At What Cost Knowledge?" {Self, Evo} (curse)
rCorr   +          Rampage  .   (no gloves)
Will    +....                   (boots unavailable)
Stlth   ++........              (no amulet)
HPRegen 0.24/turn               C - +6 ring of intelligence
MPRegen 0.00/turn               z - +6 ring of dexterity

@: flying
A: sickness immunity, fire resistance 2, cold vulnerability 1, float, innate
caster, HP casting, extra vitality 1
a: Renounce Religion, Curse Item, Shatter the Chains


You were on level 10 of the Dungeon.
You worshipped Ashenzari.
Ashenzari was aware of your devotion.
You visited 2 branches of the dungeon, and saw 11 of its levels.

You collected 793 gold pieces.

Inventory:

Hand Weapons
 k - the cursed +9 dagger of the Lashed Sky (weapon) {pain, rCorr MP+9 Int+2 Dex+3, Melee, Cun}
   (You found it on level 2 of the Dungeon)

   In the hands of one skilled in necromantic magic, it inflicts extra damage on
   living creatures.
   Your inability to study Necromancy prevents you from drawing on the full
   power of this weapon.
   Int:       It affects your intelligence (+2).
   Dex:       It affects your dexterity (+3).
   MP:        It affects your magic capacity (+9).
   rCorr:     It protects you from acid and corrosion.
   It has a curse which improves the following skills: Melee Combat: Short
   Blades, Long Blades, Axes, Maces & Flails, Polearms, Staves and Unarmed
   Combat.
   Cunning:   Dodging and Stealth.
Missiles
 a - 47 poisoned darts
 r - 4 curare-tipped darts (quivered)
 F - a throwing net
Armour
 j - a +0 ring mail
 o - a +1 leather armour (worn)
 x - the cursed +0 cloak "At What Cost Knowledge?" (worn) {Self, Evo}
   (You found it on level 8 of the Dungeon)

   It has a curse which improves the following skills: Introspection: Fighting
   and Spellcasting.
   Evocations: Evocations.
Jewellery
 q - a ring of resist corrosion
 z - a +6 ring of dexterity (right hand)
 C - a +6 ring of intelligence (left hand)
Wands
 u - a wand of charming (6)
 y - a wand of flame (21)
 D - a wand of mindburst (14)
 E - a wand of roots (4)
Scrolls
 e - 4 scrolls of teleportation
 f - a scroll of poison
 A - a scroll of fog
 B - a scroll of brand weapon
Potions
 b - 3 potions of heal wounds
 c - a potion of invisibility
 d - 4 potions of cancellation
 g - 2 potions of berserk rage
 h - a potion of degeneration
 i - 2 potions of resistance
 l - a potion of flight
 m - 2 potions of attraction
 n - a potion of haste
 p - 2 potions of magic
 s - 7 potions of curing
 t - 2 potions of mutation
 v - a potion of ambrosia
 w - a potion of lignification


   Skills:
 + Level 8.7(9.6) Fighting
 + Level 7.2 Armour
 + Level 7.2(8.1) Dodging
 - Level 1.5(2.2) Stealth
 + Level 7.2(8.1) Spellcasting
 - Level 5.1(6.0) Evocations


You couldn't memorise any spells.
You knew the following spells:

 Your Spells              Type           Power      Damage    Failure   Level
a - Foxfire               Conj/Fire      100%       2x1d9     1%          1
b - Scorch                Fire           100%       2d10      1%          2
c - Conjure Flame         Conj/Fire      57%        6-21      1%          3
d - Inner Flame           Hex/Fire       57%        N/A       1%          3
e - Flame Wave            Conj/Fire      57%        2d14      1%          4
f - Freeze                Ice            100%       1d11      1%          1
g - Blink                 Tloc           100%       N/A       1%          2
h - Wereblood             Tmut           57%        N/A       1%          2
i - Summon Ice Beast      Ice/Summ       57%        N/A       1%          4
j - Fireball              Conj/Fire      28%        3d12      6%          5
Your spell library was empty.

Dungeon Overview and Level Annotations

Branches:
Dungeon (10/15)            Temple (1/1) D:6            Lair (0/5) D:9
    Orc: D:9-12

Altars:
Ashenzari
Dithmenos
Elyvilon
Fedhas
Gozag
Hepliaklqana
Makhleb
Nemelex Xobeh
Okawaru
Qazlal
Ru
Trog
Uskayaw
Wu Jian
Xom
Yredelemnul
Zin
The Shining One
Jiyva

Annotations:
D:10 3 runed translucent doors, greatstarguy's ghost, novice DECj


Innate Abilities, Weirdness & Mutations

You are immune to sickness and miasma.
You are immune to poison.
Your flesh is very heat resistant. (rF++)
You are vulnerable to cold. (rC-)
You float through the air rather than walking.
You learn spells naturally, not from books.
Your magical power is your life essence.
You have superior vitality. (+4 MHP)


Message History

A chill wind blows around you. The yak gores you!
The yak attacks as you move away! The yak misses you.
You swap places.
The yak gores your ice beast but does no damage.
Your ice beast hits the yak but does no damage.
The yak barely misses your ice beast.
Your ice beast hits the yak.
Your ice beast freezes the yak!
You hit the yak.
The yak is moderately wounded.
The yak gores you.
* * * LOW HITPOINT WARNING * * *
The yak gores your ice beast but does no damage.
Your ice beast hits the yak but does no damage.
You hit the yak.
The yak is moderately wounded.
The yak gores you.
* * * LOW HITPOINT WARNING * * *
The yak barely misses your ice beast.
Your ice beast hits the yak.
Your ice beast freezes the yak!!
You hit the yak but do no damage.
The yak is moderately wounded.
The yak barely misses you. The yak gores your ice beast!
Your ice beast barely misses the yak.
You barely miss the yak.
The yak is moderately wounded.
The yak gores you!
* * * LOW HITPOINT WARNING * * *
The yak gores your ice beast!
Your ice beast hits the yak.
The yak dies!
You puncture the yak!
The yak is heavily wounded.
The yak barely misses you.
Casting: Summon Ice Beast (dangerous; 1% risk of failure)
Confirm with . or Enter, or press ? or * to list all spells.
Flames lash the troll.
The troll is moderately wounded.
The troll's fire resistance burns away.
* * * LOW HITPOINT WARNING * * *
The yak gores you!
You die...

......... ..# #.
...........######.# #.
..........#....#.## #.
#.........#....#..###. ......
#.........#....#...... .......
#....##...#....#.##...
≈~~~~#.##.........#....#.##...
≈≈~≈~≈~≈~..#......##'###......
≈≈≈≈≈≈≈≈≈≈~.Y@................
≈≈≈≈≈≈≈≈≈~~~Y###.###..........
≈≈≈≈≈≈≈≈~~.#T# #.# #####......
≈≈≈≈≈≈≈~~..#Y###.### #...###
≈≈≈≈≈≈~.#..#.......#######.#
≈≈≈~~~#............#.......###
###.# #†...†.......#..........
###.#.#...T..###.###.......###
...............#.# #.......###


You could see 2 yaks, a troll (combustible) and a friendly ice beast (summoned).

Vanquished Creatures
  A two-headed ogre (D:8)
  A komodo dragon (D:9)
  A troll (D:10)
  A hornet (D:9)
  2 wyverns (D:9)
  2 yaks (D:7)
  2 basilisks (D:9)
  Edmund (D:6)
  A steam dragon (D:8)
  A water moccasin (D:6)
  A nameless horror (D:6)
  An ice beast (D:8)
  An orc warrior (D:10)
  A black bear (D:4)
  An ogre (D:6)
  3 sky beasts
  3 centaurs (D:9)
  4 kobold brigands
  3 bullfrogs
  2 necrophages
  5 scorpions
  5 wights (D:9)
  3 killer bees (D:10)
  2 electric eels (D:10)
  2 howler monkeys (D:9)
  An orc priest (D:6)
  A jelly (D:6)
  6 hounds
  4 orc wizards
  4 iguanas
  4 gnolls (D:2)
  4 adders
  A shadow imp (D:6)
  A white imp (D:8)
  A worm (D:4)
  2 dart slugs
  18 orcs
  7 ball pythons
  6 bats
  8 endoplasms
  3 giant cockroaches
  5 goblins
  3 hobgoblins
  10 jackals
  2 quokkas (D:1)
  2 frilled lizards
  30 kobolds
  9 rats
182 creatures vanquished.

Vanquished Creatures (collateral kills)
  A kobold demonologist (D:8)
  4 yaks
  A steam dragon (D:7)
  An acid dragon (D:9)
  An orc warrior (D:9)
  3 killer bees (D:10)
  A howler monkey (D:9)
  3 orc wizards
  5 orcs
  A kobold (D:8)
  A foxfire (D:5)
22 creatures vanquished.

Vanquished Creatures (others)
  359 foxfires
  63 plants (D:5)
422 creatures vanquished.

Grand Total: 626 creatures vanquished

Notes
Turn   | Place    | Note
-------+----------+-------------------------------------------
     0 | D:1      | Mitcholas the Djinni Fire Elementalist began the quest for
                  | the Orb.
     0 | D:1      | Mitcholas set off with the following spells memorised:
                  | Foxfire, Scorch, Conjure Flame, Inner Flame, Flame Wave.
     0 | D:1      | Reached XP level 1. HP: 15/15 MP: 0/0
   135 | D:1      | Reached XP level 2. HP: 20/22 MP: 0/0
   193 | D:1      | Reached skill level 1 in Fighting
   440 | D:1      | Found a faded altar of an unknown god.
   833 | D:1      | Reached XP level 3. HP: 24/27 MP: 0/0
   833 | D:1      | Learned a level 1 spell: Freeze
  2108 | D:2      | Reached skill level 2 in Fighting
  2237 | D:2      | Identified the +9 dagger "Vaej" {pain, rCorr MP+9 Int+2
                  | Dex+3}
  2299 | D:2      | Identified the +7 mace of Misery {vorpal, rF+}
  2672 | D:2      | Reached XP level 4. HP: 31/33 MP: 0/0
  3071 | D:2      | Reached XP level 5. HP: 39/40 MP: 0/0
  3071 | D:2      | Learned a level 2 spell: Blink
  3491 | D:3      | Reached skill level 3 in Fighting
  3620 | D:3      | Found an ornate altar of the Wu Jian Council.
  4006 | D:4      | Reached skill level 1 in Armour
  4051 | D:4      | Reached XP level 6. HP: 40/46 MP: 0/0
  4356 | D:4      | Noticed a black bear
  4365 | D:4      | Killed a black bear
  4366 | D:4      | Reached skill level 4 in Fighting
  4366 | D:4      | Reached XP level 7. HP: 49/52 MP: 0/0
  4366 | D:4      | Learned a level 2 spell: Wereblood
  4525 | D:4      | Found a glowing golden altar of the Shining One.
  4869 | D:5      | Entered Level 5 of the Dungeon
  5128 | D:5      | Found a basalt altar of Yredelemnul.
  5961 | D:5      | Reached XP level 8. HP: 47/58 MP: 0/0
  6244 | D:6      | Found a burning altar of Makhleb.
  6321 | D:6      | Found a glowing silver altar of Zin.
  6399 | D:6      | Reached skill level 5 in Fighting
  6699 | D:6      | Reached skill level 5 in Spellcasting
  6986 | D:6      | Noticed Edmund
  6993 | D:6      | Killed Edmund
  7250 | D:6      | Found a staircase to the Ecumenical Temple.
  7258 | D:6      | Reached XP level 9. HP: 59/66 MP: 0/0
  7258 | D:6      | Learned a level 4 spell: Summon Ice Beast
  7259 | D:6      | Reached skill level 1 in Evocations
  7262 | D:6      | Noticed a nameless horror
  7576 | D:6      | Reached skill level 6 in Fighting
  7660 | D:6      | Killed a nameless horror
  7825 | Temple   | Entered the Ecumenical Temple
  7925 | Temple   | Became a worshipper of Ashenzari the Shackled
  7997 | D:6      | Reached skill level 5 in Armour
  8254 | D:7      | Found a hide-covered altar of Uskayaw.
  8386 | D:7      | Reached skill level 5 in Dodging
  8878 | D:8      | Found a blossoming altar of Fedhas.
  9112 | D:8      | Reached skill level 7 in Fighting
  9242 | D:8      | Noticed a kobold demonologist
  9251 | D:8      | Killed a kobold demonologist
  9252 | D:8      | Reached XP level 10. HP: 64/75 MP: 0/0
  9376 | D:8      | Noticed a two-headed ogre
  9384 | D:8      | Killed a two-headed ogre
  9833 | D:8      | Reached * piety under Ashenzari
 10155 | D:9      | Found a bloodstained altar of Trog.
 10200 | D:9      | Reached skill level 5 in Evocations
 10757 | D:9      | Noticed a komodo dragon
 10770 | D:9      | Killed a komodo dragon
 10771 | D:9      | Reached skill level 8 in Fighting
 11057 | D:9      | Reached XP level 11. HP: 57/84 MP: 0/0
 11057 | D:9      | Learned a level 5 spell: Fireball
 11246 | D:9      | Found a staircase to the Lair.
 11579 | D:9      | Found a sparkling altar of Nemelex Xobeh.
 11587 | D:10     | Entered Level 10 of the Dungeon
 11720 | D:10     | Found a runed translucent gate.
 11721 | D:10     | Found a runed translucent gate.
 11722 | D:10     | Found a runed translucent gate.
 11723 | D:10     | Noticed greatstarguy's ghost (novice DECj)
 11742 | D:10     | Found a viscous altar of Jiyva.
 12324 | D:10     | Slain by a yak

Illustrated notes

Levels and vault maps discovered:
D:1:      nzn_arrival_settlement, layout_rooms, basic_ecumenical_altar,
          serial_co_window_serial, co_window_paths_a, co_window_corner_a,
          co_window_paths_a, co_window_corner_a, co_window_paths_b,
          co_window_cross_1, co_window_corner_b, co_window_cross_3,
          co_window_unsneaky_path_c, co_window_paths_c,
          co_window_unsneaky_path_c, co_window_corner_cb, glass_columns_a,
          glass_columns_a, glass_columns_a, glass_columns_c, glass_columns_b,
          glass_columns_a, amcnicky_mini_pool_small, minmay_misc_feat_cross,
          minivault_25, minmay_domino_4
D:2:      layout_basic, minmay_diced_spiral
D:3:      layout_rooms, nicolae_wu_jian_immortal_techniques
D:4:      layout_loops_ring, tso_oasis_becter, mainiacjoe_overflow_alcove_2,
          chequers_serial_rivers_room_a
D:5:      kennysheep_kobold_camp, layout_loops_ring,
          mainiacjoe_overflow_cross_hatched
D:6:      layout_loops_ring, zin_treasury, overflow_temple_1_default,
          temple_fountains, uniq_edmund
D:7:      layout_basic, eat_drink_and_be_merry_uskayaw
D:8:      layout_basic, fedhas_altar_2, minmay_misc_feat_plants
D:9:      layout_loops_ring, mainiacjoe_overflow_tiny_flanked,
          kennysheep_mini_moat, erik_lair_dragon, billiards_dpeg
D:10:     layout_basic, cheibrodos_worm_habitat, gammafunk_ghost_ooze,
          nrook_mini_vaults
Temple:   jpeg_temple_clearing

Skill      XL: |  1  2  3  4  5  6  7  8  9 10 11 |
---------------+----------------------------------+-----
Fighting       | 1 2 3 4 5 7 8 |  8.7
Spellcasting   | 3 4 5 6 7 |  7.2
Armour         | 1 2 3 4 5 6 7 |  7.2
Dodging        | 3 4 5 6 7 |  7.2
Evocations     | 4 5 |  5.1
Stealth        | |  1.5

Action                   |  1- 3 |  4- 6 |  7- 9 | 10-12 || total
-------------------------+-------+-------+-------+-------++-------
Melee: Unarmed           |     5 |       |       |       ||     5
       Dagger            |    14 |     3 |    19 |    17 ||    53
       Short sword       |    26 |       |       |       ||    26
Throw: Dart              |       |     1 |       |       ||     1
 Cast: Foxfire           |    27 |    60 |   104 |    52 ||   243
       Scorch            |    11 |    17 |    74 |    53 ||   155
       Blink             |       |       |     4 |       ||     4
       Summon Ice Beast  |       |       |     8 |    20 ||    28
       Flame Wave        |       |       |     1 |       ||     1
Invok: Curse Item        |       |       |     1 |     1 ||     2
  Use: Scroll            |       |       |    15 |     3 ||    18
 Stab: Sleeping          |     4 |       |     1 |     1 ||     6
Armor: Robe              |    11 |       |       |       ||    11
       Leather armour    |       |       |    13 |     9 ||    22
Dodge: Dodged            |    27 |     5 |    36 |    40 ||   108
